 Dungeon Crawl Stone Soup version 0.31-a0-18-gea43df2a32 (webtiles) character file.

Game seed: 10790719504414100532

309686 rlgrobin the Acolyte (level 21, -4/144 (166) HPs)
             Began as a Gnoll Fire Elementalist on Feb 26, 2023.
             Was an Initiate of the Shining One.
             Slain by a spriggan berserker
             ... wielding a +0 antimagic hand axe
             ... led by the Enchantress
              (22 damage)
             ... on level 1 of the Depths on May 12, 2023.
             The game lasted 04:55:24 (62630 turns).

rlgrobin the Acolyte (Gnoll Fire Elementalist)     Turns: 62630, Time: 04:55:25

HP:   -4/144 (166)  AC: 23    Str: 10    XL:     21   Next: 24%
MP:   6/40          EV: 24    Int: 25    God:    the Shining One [......]
Gold: 1565          SH: 17    Dex: 27    Spells: 15/51 levels left

rFire   . . .        z - +0 double sword (elec)
rCold   + . .        E - +1 kite shield {rC+}
rNeg    . . .        s - +0 acid dragon scales
rPois   .            l - +2 helmet
rElec   +            o - +2 cloak
rCorr   +            J - +2 pair of gloves {Dex+3}
SInv    .            W - +1 pair of boots of Hairy Salvation {Int+2 Dex+3}
Will    ++...        Y - amulet of regeneration
Stlth   ++           f - ring "Ogarchux" {rElec Will+ Dex+4 Stlth-}
HPRegen 1.24/turn    h - +6 ring of intelligence
MPRegen 0.27/turn

%: no passive effects
@: lethally poisoned (-4 -> -5), very slightly contaminated, glowing, studying
Ice Magic, heavily drained
A: fangs 1, strong nose, distributed training, screaming 1, weak 1
}: 2/15 runes: barnacled, gossamer
a: Renounce Religion


You were on level 1 of the Depths.
You worshipped the Shining One.
The Shining One was noncommittal.
You visited 9 branches of the dungeon, and saw 40 of its levels.
You also visited: Sewer, Ossuary, Bailey, Ice Cave and Wizlab.

You collected 3467 gold pieces.
You spent 1663 gold pieces at shops.
You donated 239 gold pieces to Zin.

Inventory:

Hand Weapons
 a - a +3 dagger of electrocution
 z - a +0 double sword of electrocution (weapon)
 S - a +0 broad axe of flaming
Missiles
 e - 22 stones
 q - 12 throwing nets
 L - 37 poisoned darts (quivered)
Armour
 i - a +3 leather armour of poison resistance
 l - a +2 helmet (worn)
 m - a scarf of resistance
 o - a +2 cloak (worn)
 s - +0 acid dragon scales (worn)
 E - a +1 kite shield of cold resistance (worn)
 J - a +2 pair of gloves of dexterity (worn)
 W - the +1 pair of boots of Hairy Salvation (worn) {Int+2 Dex+3}
   (You bought it in a shop on level 2 of the Orcish Mines)

   Int:       It affects your intelligence (+2).
   Dex:       It affects your dexterity (+3).
Magical Staves
 b - a staff of conjuration
Jewellery
 f - the ring "Ogarchux" (left hand) {rElec Will+ Dex+4 Stlth-}
   (You acquired it on level 1 of the Spider Nest)

   [ring of willpower]

   Dex:       It affects your dexterity (+4).
   rElec:     It insulates you from electricity.
   Will:      It increases your willpower.
   Stlth:     It makes you less stealthy.
 g - a ring of protection from fire
 h - a +6 ring of intelligence (right hand)
 j - a +5 ring of evasion
 N - a ring of flight
 O - a +6 ring of intelligence
 Q - a +4 ring of slaying
 Y - an amulet of regeneration (around neck)
Wands
 p - a wand of mindburst (26)
 D - a wand of charming (22)
 F - a wand of roots (8)
 T - a wand of flame (9)
Scrolls
 k - 6 scrolls of enchant armour
 u - a scroll of fear
 x - a scroll of torment
 y - 12 scrolls of vulnerability
 C - 3 scrolls of immolation
 G - 7 scrolls of fog
 K - 3 scrolls of magic mapping
 R - 3 scrolls of silence
 U - 8 scrolls of amnesia
Potions
 d - 4 potions of brilliance
 n - 2 potions of haste
 r - 4 potions of mutation
 t - 4 potions of resistance
 A - 2 potions of cancellation
 I - 7 potions of ambrosia
 M - 3 potions of magic
 V - 7 potions of flight
Miscellaneous
 c - a phantom mirror (inert)
 P - a phial of floods (inert)
 X - a lightning rod (inert)


   Skills:
 + Level 14.7 Fighting
 + Level 14.7 Short Blades
 + Level 14.7 Long Blades
 + Level 14.7 Axes
 + Level 14.7 Maces & Flails
 + Level 14.7 Polearms
 + Level 14.7 Staves
 + Level 14.7 Ranged Weapons
 + Level 14.7 Throwing
 + Level 14.7 Armour
 + Level 15.4 Dodging
 + Level 15.3 Stealth
 + Level 14.7 Shields
 + Level 14.7 Unarmed Combat
 + Level 15.5 Spellcasting
 + Level 12.7 Conjurations
 + Level 12.5 Hexes
 + Level 12.5 Summonings
 + Level 12.5 Necromancy
 + Level 12.5 Translocations
 + Level 12.5 Transmutations
 + Level 13.6 Fire Magic
 + Level 15.2 Ice Magic
 + Level 12.5 Air Magic
 + Level 12.5 Earth Magic
 + Level 12.5 Poison Magic
 + Level 16.0 Invocations
 + Level 14.7 Evocations


You had 15 spell levels left.
You knew the following spells:

 Your Spells              Type           Power      Damage    Failure   Level
a - Foxfire               Conj/Fire      100%       2x1d9     1%          1
b - Scorch                Fire           100%       2d9       1%          2
c - Sticky Flame          Conj/Fire      71%        2d8       1%          4
d - Flame Wave            Conj/Fire      71%        2d16      1%          4
e - Mephitic Cloud        Conj/Pois/Air  70%        N/A       1%          3
f - Silence               Hex/Air        35%        N/A       1%          5
g - Blink                 Tloc           100%       N/A       1%          2
h - Ignite Poison         Fire/Tmut/Pois 71%        N/A       1%          3
i - Passwall              Tmut/Erth      58%        N/A       1%          2
j - Manifold Assault      Tloc           70%        N/A       1%          4
k - Dispersal             Tloc           35%        N/A       8%          6

Your spell library contained the following spells:

 Spells                   Type           Power      Damage    Failure   Level
 Beastly Appendage        Tmut           100%       N/A       1%          1
 Kiss of Death            Conj/Necr      100%       2d13      1%          1
 Sandblast                Erth           100%       2d20      1%          1
 Slow                     Hex            100%       N/A       1%          1
 Cigotuvi's Dreadful Rot  Necr/Pois/Air  100%       N/A       1%          2
 Ensorcelled Hibernation  Hex/Ice        100%       N/A       1%          2
 Lesser Beckoning         Tloc           100%       N/A       1%          2
 Momentum Strike          Conj/Tloc      100%       3d10      1%          2
 Poisonous Vapours        Pois/Air       100%       N/A       1%          2
 Static Discharge         Conj/Air       100%       2-7/arc   1%          2
 Wereblood                Tmut           70%        N/A       1%          2
 Confusing Touch          Hex            70%        N/A       1%          3
 Dazzling Flash           Conj/Hex       100%       N/A       1%          3
 Gell's Gravitas          Tloc           70%        N/A       1%          3
 Inner Flame              Hex/Fire       71%        N/A       1%          3
 Spider Form              Tmut/Pois      70%        N/A       1%          3
 Stone Arrow              Conj/Erth      100%       3d13      1%          3
 Summon Guardian Golem    Hex/Summ       70%        N/A       1%          3
 Teleport Other           Tloc           70%        N/A       1%          3
 Vampiric Draining        Necr           70%        2d11      1%          3
 Vhi's Electric Charge    Tloc/Air       100%       N/A       1%          3
 Volatile Blastmotes      Fire/Tloc      100%       2d18      1%          3
 Anguish                  Hex/Necr       35%        N/A       1%          4
 Animate Armour           Summ/Erth      100%       N/A       1%          4
 Petrify                  Tmut/Erth      70%        N/A       1%          4
 Agony                    Necr           70%        N/A       1%          5
 Arcjolt                  Conj/Air       35%        1d45      1%          5
 Borgnjor's Vile Clutch   Necr/Erth      35%        N/A       1%          5
 Iskenderun's Battlesphe  Conj           70%        2d12      1%          5
 Lightning Bolt           Conj/Air       35%        1d53      1%          5
 Metabolic Englaciation   Hex/Ice        36%        N/A       1%          5
 Yara's Violent Unravell  Hex/Tmut       35%        3d14      1%          5
 Iron Shot                Conj/Erth      35%        9d7       7%          6
 Statue Form              Tmut/Erth      46%        N/A       8%          6
 Spellforged Servitor     Conj/Summ      35%        N/A       36%         7
 Enfeeble                 Hex            35%        N/A       38%         7
 Storm Form               Tmut/Air       35%        N/A       38%         7
 Ignition                 Fire           36%        3d11      90%         8
 Lehudib's Crystal Spear  Conj/Erth      35%        10d9      97%         8
 Summon Horrible Things   Summ           35%        N/A       97%         8


Dungeon Overview and Level Annotations

Branches:
Dungeon (15/15)            Temple (1/1) D:6            Lair (5/5) D:10
 Shoals (4/4) Lair:2       Spider (4/4) Lair:2        Slime (5/5) Lair:4
    Orc (2/2) D:12            Elf (2/3) Orc:2        Vaults (0/5) D:13
 Depths (2/4) D:15          Sewer (visited)         Ossuary (visited)
 Bailey (visited)           IceCv (visited)          WizLab (visited)

Altars:
Ashenzari
Cheibriados
Dithmenos
Elyvilon
Gozag
Kikubaaqudgha
Makhleb
Nemelex Xobeh
Okawaru
Qazlal
Ru
Sif Muna
Trog
Uskayaw
Wu Jian
Xom
Yredelemnul
Zin
The Shining One

Shops:
D:6 (   D:12 ?!**   D:13 (   Orc:1 *   Orc:2 =(*[   Elf:1 (   Shoals:1 ***
Shoals:4 *

Portals:
Hell: Depths:1

Annotations:
D:6 1 runed translucent door, lotum's ghost, novice DECj
D:9 3 runed translucent doors, themarg's ghost, journeyman MfSu
Lair:5 1 runed translucent door, exclusion: oklob plant
Shoals:4 Ilsuiw
Spider:3 2 transporters, exclusions: downstairs and orange crystal statue, barkas's ghost, adept DsSu
Spider:4 3 runed translucent doors, Faecsedgh's ghost, journeyman TrBe
Slime:2 1 exclusion
Slime:4 exclusion: 2 downstairs
Slime:5 Royal Jelly
Depths:2 Sojobo


Innate Abilities, Weirdness & Mutations

You have very sharp teeth.
Your uncanny sense of smell can sniff out nearby items.
Your experience applies equally to all skills.
You occasionally shout uncontrollably at your foes.
You are weak. (Str -2)


Message History

You cut the cyan ugly thing into ribbons!!!
You feel very sick. The spriggan defender misses you.
The cyan ugly thing basks in the mutagenic energy from its kin and changes!
Okay, then.
Save game and exit?
Welcome back, rlgrobin the Gnoll Fire Elementalist.
The Shining One says: Lead the forces of light to victory!
Press ? for a list of commands and other information.
Okay, then.
Cast which spell? (? or * to list)
Casting: Dispersal (dangerous; 8% risk of failure)
Press: ? - help, Dir - look around, f - activate You miscast Dispersal.
You are very lightly contaminated with residual magic.
Nothing appears to happen.
You feel very sick.
You block the spriggan defender's attack. x2
Casting: Dispersal (dangerous; 8% risk of failure)
Confirm with . or Enter, or press ? or * to list all spells.
Casting: Dispersal (dangerous; 8% risk of failure)
Press: ? - help, Dir - look around, f - activate The spriggan defender blinks!
The spriggan berserker blinks!
The red ugly thing blinks!
You feel very sick.
You block the spriggan berserker's attack.
The red ugly thing basks in the mutagenic energy from its kin and changes!
Okay, then.
You slice the spriggan berserker!!
Lightning courses through the spriggan berserker!
You bite the spriggan berserker, but do no damage.
The spriggan berserker is almost dead.
You feel sick.
The spriggan berserker closely misses you.
The spriggan berserker completely misses you.
You closely miss the spriggan berserker.
The spriggan berserker is severely wounded.
You feel very sick.
The spriggan berserker hits you with a +0 antimagic hand axe!!
You die...

'#.....†.........#
#.[#####.
.#...............#
##.......
.#...............#
##.....#
.#...............#
###'###
.'.#############.#
#....
##.#...#..u#...#.#
#####
#.#...Cu.u'...#.#
#.#...#i..#u..#.#
#.##'#######i##@#
#.#uuu#[.[#...#i#
#.#...'...#...u)#
#.#.u.#}.?#..C###
#.##u #########
#.#Cu #.#.u #.#
###


You could see a stone giant, a white ugly thing and a spriggan berserker
(berserk).

Vanquished Creatures
  Nikola (Spider:2)
  the Enchantress (Depths:1)
  An electric golem (WizLab)
  Jorgrun (D:12)
  A tentacled monstrosity (Depths:1)
  13 acid blobs
  A tengu reaver (Depths:1)
  13 azure jellies
  7 rockslimes
  Roxanne (Spider:3)
  3 frost giants
  3 fire giants
  6 emperor scorpions
  3 ghost moths
  Aizul (Spider:1)
  3 spriggan defenders (Depths:1)
  An orc warlord (Orc:2)
  8 very ugly things
  7 stone giants (Depths:1)
  3 broodmothers (Spider:3)
  8 quicksilver oozes
  2 ironbound thunderhulks (WizLab)
  A war gargoyle (WizLab)
  Nessos (D:13)
  6 spark wasps
  2 merfolk javelineers (Shoals:4)
  4 ettins
  3 crystal guardians (WizLab)
  4 fire dragons
  7 merfolk impalers
  2 great orbs of eyes
  2 entropy weavers
  A rakshasa (Depths:1)
  6 hydras
  2 ice dragons
  5 peacekeepers (WizLab)
  3 merfolk avatars
  3 spriggan air magi
  A salamander tyrant (Depths:2)
  4 centaur warriors
  3 jorogumos
  A merfolk aquamancer (Shoals:4)
  A catoblepas (Lair:5)
  Erica (Lair:2)
  5 caustic shrike simulacra (IceCv)
  4 radroaches
  An alligator snapping turtle (Shoals:4)
  6 two-headed ogres
  11 boulder beetles
  16 dancing weapons
  A spriggan berserker (Depths:1)
  2 satyrs
  8 tengu warriors
  A vampire mage (Depths:1)
  3 deep troll shamans (Depths:2)
  A deep troll earth mage (Depths:2)
  2 orc high priests
  9 deep elf knights
  5 skysharks
  Urug (D:13)
  5 hell knights (Depths:1)
  Amaemon (D:9)
  7 pharaoh ants
  9 sea snakes
  5 deep trolls (Depths:2)
  2 glowing orange brains (Depths:1)
  13 orb spiders
  A spriggan simulacrum (IceCv)
  A flayed ghost (Depths:2)
  2 bog bodies (IceCv)
  8 steelbarb worms
  A deep elf archer (Elf:1)
  Pikel (D:4)
  12 deep elf zephyrmancers
  17 harpies
  3 necromancers
  6 orc knights
  21 deep elf pyromancers
  6 wolf spider zombies (Spider:1)
  A faun (shapeshifter) (D:14)
  9 fauns
  4 orc sorcerers
  25 wolf spiders
  A salamander (shapeshifter) (Elf:1)
  6 manticores
  15 ugly things
  4 salamanders (WizLab)
  5 shining eyes
  An oklob plant (Lair:2)
  6 elephants (Lair:2)
  6 cyclopes
  A moth of wrath (Spider:3)
  11 merfolk sirens
  4 water nymphs
  10 cane toads
  A cane toad (shapeshifter) (D:12)
  6 demonic crawlers
  10 torpor snails
  7 gargoyles (WizLab)
  2 eyes of devastation
  A kobold demonologist (D:11)
  2 molten gargoyles (WizLab)
  5 freezing wraiths
  An orange demon (D:9)
  2 rime drakes (Lair:1)
  An unseen horror (D:13)
  An ice devil (IceCv)
  A yaktaur (D:15)
  Maggie (D:7)
  8 redback zombies (Spider:1)
  4 golden dragon simulacra (IceCv)
  15 komodo dragons
  A troll (shapeshifter) (Elf:1)
  7 tengu conjurers (Depths:1)
  9 trolls
  25 merfolk
  2 polar bears (Lair:2)
  3 tyrant leeches (Lair:5)
  5 meliai
  3 wind drakes
  10 hornets
  33 tarantellas
  5 blink frogs (Lair:1)
  10 dream sheep
  6 culicivora zombies (Spider:1)
  7 snapping turtles
  10 tarantella zombies (Spider:1)
  4 air elementals (Elf:1)
  21 jumping spiders
  58 yaks
  100 slime creatures
  A wraith (D:11)
  25 culicivoras
  2 spriggans (Depths:1)
  2 wyverns
  2 shadows
  2 fire elementals
  16 water elementals
  A hog (shapeshifter) (Elf:1)
  15 humans (D:13)
  Grum (D:10)
  2 golden eyes (Slime:4)
  7 vampire mosquitoes
  2 basilisks
  A steam dragon (D:9)
  53 redbacks
  Menkaure (D:5)
  2 harpy simulacra (IceCv)
  Edmund (D:6)
  5 wargs
  3 acid dragons
  15 water moccasins
  A floating eye (Slime:5)
  3 ettin simulacra (IceCv)
  32 orc warriors
  2 ice beasts (D:7)
  14 black bears
  A boggart (D:13)
  19 wolves
  3 ogres (Orc:1)
  7 centaurs
  2 lemures (D:4)
  3 phantoms (D:5)
  2 elf zombies (Ossuary)
  3 kobold brigands
  2 necrophages
  8 gnoll sergeants
  3 scorpions
  10 bullfrogs
  4 earth elementals
  4 wights (D:9)
  16 killer bees
  2 howler monkeys (D:10)
  A human zombie (Ossuary)
  19 orc priests
  7 hounds
  7 gnoll boudas
  3 jellies
  2 iguanas (D:4)
  Ijyb (D:5)
  30 orc wizards
  2 lightning spires (WizLab)
  A boggart simulacrum (D:15)
  2 mummies (Ossuary)
  27 gnolls
  9 adders
  A river rat (Sewer)
  3 white imps
  2 ufetubi
  An adder zombie (Ossuary)
  3 worms
  2 dart slugs
  103 orcs
  9 endoplasms
  9 giant cockroaches
  10 goblins
  7 hobgoblins
  2 jackals (D:3)
  22 kobolds
  3 quokkas
  22 ball pythons
  6 bats
  A frilled lizard (D:1)
  8 hobgoblin zombies (Ossuary)
  4 jackal zombies (Ossuary)
  14 kobold zombies (Ossuary)
  6 orc zombies (Ossuary)
  9 rats
  A rat zombie (Ossuary)
  A butterfly (D:6)
1504 creatures vanquished.

Vanquished Creatures (collateral kills)
  A rockslime (Slime:4)
  An emperor scorpion (Spider:4)
  A quicksilver ooze (Slime:5)
  A radroach (Spider:1)
  A two-headed ogre (D:10)
  A dancing weapon (Elf:2)
  An ugly thing (D:13)
  A deep elf pyromancer (Elf:2)
  A moth of wrath (Spider:3)
  2 tarantellas (Spider:1)
  A redback (Spider:1)
  A killer bee (D:10)
13 creatures vanquished.

Vanquished Creatures (others)
  A stone giant (Depths:1)
  2 lindwurms (Lair:5)
  A moth of wrath (Spider:3)
  2 air elementals (Elf:2)
  3 killer bees (D:10)
  328 foxfires
337 creatures vanquished.

Grand Total: 1854 creatures vanquished

Notes
Turn   | Place    | Note
-------+----------+-------------------------------------------
     0 | D:1      | rlgrobin the Gnoll Fire Elementalist began the quest for
                  | the Orb.
     0 | D:1      | Reached XP level 1. HP: 13/13 MP: 6/6
   143 | D:1      | Reached XP level 2. HP: 19/19 MP: 5/7
   438 | D:1      | Learned a level 2 spell: Scorch
   474 | D:1      | Reached skill level 5 in Spellcasting
   474 | D:1      | Reached XP level 3. HP: 25/25 MP: 3/9
   893 | D:2      | Found a faded altar of an unknown god.
   955 | D:2      | Reached skill level 1 in Invocations
  1310 | D:2      | Reached skill level 1 in Fighting
  1310 | D:2      | Reached skill level 1 in Short Blades
  1310 | D:2      | Reached skill level 1 in Long Blades
  1310 | D:2      | Reached skill level 1 in Axes
  1310 | D:2      | Reached skill level 1 in Maces & Flails
  1310 | D:2      | Reached skill level 1 in Polearms
  1310 | D:2      | Reached skill level 1 in Staves
  1310 | D:2      | Reached skill level 1 in Ranged Weapons
  1310 | D:2      | Reached skill level 1 in Throwing
  1310 | D:2      | Reached skill level 1 in Armour
  1310 | D:2      | Reached skill level 1 in Shields
  1310 | D:2      | Reached skill level 1 in Unarmed Combat
  1310 | D:2      | Reached skill level 1 in Evocations
  1351 | D:2      | Reached XP level 4. HP: 32/32 MP: 7/11
  1497 | D:2      | Reached skill level 1 in Hexes
  1497 | D:2      | Reached skill level 1 in Summonings
  1497 | D:2      | Reached skill level 1 in Necromancy
  1497 | D:2      | Reached skill level 1 in Translocations
  1497 | D:2      | Reached skill level 1 in Transmutations
  1497 | D:2      | Reached skill level 1 in Ice Magic
  1497 | D:2      | Reached skill level 1 in Air Magic
  1497 | D:2      | Reached skill level 1 in Earth Magic
  1497 | D:2      | Reached skill level 1 in Poison Magic
  1750 | D:3      | Found an opulent altar of Gozag.
  1935 | D:3      | Found a sacrificial altar of Ru.
  1971 | D:3      | Reached XP level 5. HP: 29/37 MP: 3/12
  2013 | D:3      | Found a glowing drain.
  2020 | Sewer    | Entered a sewer
  2294 | Sewer    | Noticed a kobold brigand
  2316 | Sewer    | Killed a kobold brigand
  2317 | Sewer    | Reached skill level 2 in Invocations
  2317 | Sewer    | Reached XP level 6. HP: 37/44 MP: 4/14
  2426 | Sewer    | Reached skill level 5 in Dodging
  3709 | D:4      | Reached XP level 7. HP: 37/50 MP: 10/15
  3918 | D:4      | Found a glowing silver altar of Zin.
  3964 | D:4      | Became a worshipper of Zin the Law-Giver
  3964 | D:4      | Reached * piety under Zin
  4191 | D:5      | Entered Level 5 of the Dungeon
  4193 | D:5      | Noticed Pikel
  4304 | D:5      | Reached skill level 5 in Stealth
  4335 | D:5      | Noticed Ijyb
  4344 | D:4      | Reached skill level 3 in Invocations
  4490 | D:5      | Noticed a torpor snail
  4494 | D:5      | Found a snail-covered altar of Cheibriados.
  4518 | D:5      | Killed Ijyb
  4847 | D:4      | Killed Pikel
  4848 | D:4      | Reached XP level 8. HP: 50/58 MP: 6/17
  5052 | D:5      | Noticed a yak
  5061 | D:5      | Reached skill level 4 in Invocations
  5082 | D:4      | Killed a yak
  5325 | D:5      | Reached XP level 9. HP: 65/65 MP: 15/18
  5351 | D:5      | Noticed Menkaure
  5357 | D:5      | Killed Menkaure
  6184 | D:6      | Reached ** piety under Zin
  6220 | D:6      | Noticed Edmund
  6237 | D:6      | Killed Edmund
  6238 | D:6      | Reached skill level 5 in Invocations
  6662 | D:6      | Found a staircase to the Ecumenical Temple.
  6663 | D:6      | Found a runed translucent door.
  6675 | D:6      | Noticed lotum's ghost (novice DECj)
  6941 | D:6      | Found Seon's Weapon Emporium.
  7556 | D:7      | Found a hide-covered altar of Uskayaw.
  7648 | D:7      | Reached skill level 5 in Fighting
  7648 | D:7      | Reached skill level 5 in Short Blades
  7648 | D:7      | Reached skill level 5 in Long Blades
  7648 | D:7      | Reached skill level 5 in Axes
  7648 | D:7      | Reached skill level 5 in Maces & Flails
  7648 | D:7      | Reached skill level 5 in Polearms
  7648 | D:7      | Reached skill level 5 in Staves
  7648 | D:7      | Reached skill level 5 in Ranged Weapons
  7648 | D:7      | Reached skill level 5 in Throwing
  7648 | D:7      | Reached skill level 5 in Armour
  7648 | D:7      | Reached skill level 5 in Shields
  7648 | D:7      | Reached skill level 5 in Unarmed Combat
  7648 | D:7      | Reached skill level 5 in Evocations
  7656 | D:7      | Reached XP level 10. HP: 74/74 MP: 6/20
  8139 | D:7      | Found a bloodstained altar of Trog.
  8139 | D:7      | Found an iron altar of Okawaru.
  8197 | D:7      | Found a shimmering blue altar of Sif Muna.
  8197 | D:7      | Found a stormy altar of Qazlal.
  8553 | D:7      | Noticed Maggie
  8612 | D:7      | Killed Maggie
  8641 | D:7      | Reached *** piety under Zin
  8813 | D:8      | Identified a scroll of acquirement
  8813 | D:8      | Acquired an Everburning Encyclopedia
  8820 | D:8      | Learned a level 4 spell: Sticky Flame
  8978 | D:8      | Reached skill level 5 in Conjurations
  9035 | D:8      | Found a sand-covered staircase.
  9040 | Ossuary  | Entered an ossuary
  9200 | Ossuary  | Reached **** piety under Zin
  9259 | Ossuary  | Reached skill level 6 in Invocations
 10080 | D:9      | Noticed Amaemon
 10081 | D:9      | Noticed an orange demon
 10098 | D:9      | Killed Amaemon
 10099 | D:9      | Killed an orange demon
 10575 | D:9      | Noticed a two-headed ogre
 10586 | D:9      | Killed a two-headed ogre
 10587 | D:9      | Reached skill level 5 in Hexes
 10587 | D:9      | Reached skill level 5 in Summonings
 10587 | D:9      | Reached skill level 5 in Necromancy
 10587 | D:9      | Reached skill level 5 in Translocations
 10587 | D:9      | Reached skill level 5 in Transmutations
 10587 | D:9      | Reached skill level 5 in Ice Magic
 10587 | D:9      | Reached skill level 5 in Air Magic
 10587 | D:9      | Reached skill level 5 in Earth Magic
 10587 | D:9      | Reached skill level 5 in Poison Magic
 10587 | D:9      | Reached XP level 11. HP: 75/81 MP: 12/23
 10720 | D:9      | Found a runed translucent gate.
 10720 | D:9      | Found a runed translucent gate.
 10720 | D:9      | Found a runed translucent gate.
 10720 | D:9      | Identified the +1 dagger "Hysua" {spect, *Rage rC+++ Str+6}
 10741 | D:9      | Noticed themarg's ghost (journeyman MfSu)
 11283 | D:10     | Entered Level 10 of the Dungeon
 11314 | D:10     | Noticed Grum
 11338 | D:10     | Killed Grum
 11387 | D:10     | Noticed a two-headed ogre
 11409 | D:10     | Killed a two-headed ogre
 11410 | D:10     | Reached skill level 7 in Invocations
 11477 | D:10     | Found a flagged portal.
 11497 | Bailey   | Entered a bailey
 12062 | Bailey   | Reached ***** piety under Zin
 12062 | Bailey   | Reached ****** piety under Zin
 12063 | Bailey   | Identified the +5 hand axe of the Eleven Portals {spect,
                  | Int+6}
 12439 | D:10     | Found a staircase to the Lair.
 12870 | D:10     | Reached XP level 12. HP: 67/91 MP: 3/24
 13026 | D:10     | Identified the +1 ring mail of the Gate {rElec Str+3 Dex-2}
 13230 | D:10     | Learned a level 4 spell: Flame Wave
 13881 | D:11     | Reached skill level 8 in Invocations
 14476 | Lair:1   | Entered Level 1 of the Lair of Beasts
 14479 | Lair:1   | You fall into a shaft and drop 1 floor!
 14492 | Lair:2   | Noticed a skyshark
 14521 | Lair:2   | Killed a skyshark
 15478 | Lair:2   | Noticed a five-headed hydra
 15617 | Lair:2   | Killed a five-headed hydra
 15949 | Lair:2   | Identified the +1 robe of Sissovoo {Drain rElec Will+
                  | Dex+2}
 16004 | Lair:2   | Reached XP level 13. HP: 98/98 MP: 13/26
 16170 | Lair:2   | Reached skill level 9 in Invocations
 16230 | Lair:2   | Identified the +5 quarterstaff of Dismay {venom, *Rage
                  | Will+ Str+2}
 16394 | Lair:2   | Noticed Erica
 16402 | Lair:2   | Found a staircase to the Shoals.
 16601 | Lair:2   | Found a hole to the Spider Nest.
 17778 | Lair:3   | Reached skill level 10 in Spellcasting
 17968 | Lair:3   | Got Sif Muna's Annotations on Percussion and Summoning
 19015 | Lair:4   | Found a staircase to the Slime Pits.
 19488 | Lair:5   | Entered Level 5 of the Lair of Beasts
 19491 | Lair:5   | Reached skill level 10 in Dodging
 20069 | Lair:5   | Reached skill level 10 in Stealth
 20349 | Lair:5   | Reached XP level 14. HP: 29/108 MP: 6/28
 20368 | Lair:5   | Reached skill level 10 in Invocations
 21326 | Lair:5   | Found a runed translucent door.
 21508 | Lair:5   | Paralysed by a hornet for 3 turns
 22262 | Lair:2   | Killed Erica
 22467 | D:12     | Found Gugobae's Assorted Antiques.
 22505 | D:12     | Found Wom Xokkef's Assorted Antiques.
 22521 | D:12     | Learned a level 3 spell: Mephitic Cloud
 22651 | D:12     | Noticed Jorgrun
 22722 | D:12     | Killed Jorgrun
 22924 | D:12     | Found Ovvaghem's Magic Scroll Shop.
 23488 | D:12     | Found a staircase to the Orcish Mines.
 23664 | D:12     | Found Suecil's Distillery.
 23864 | D:13     | Noticed Urug
 23864 | D:13     | Noticed Nessos
 23864 | D:13     | Found a gate to the Vaults.
 24591 | D:13     | Found Mid Poal's Antique Weapon Shop.
 24786 | D:13     | Reached skill level 10 in Fire Magic
 24889 | D:13     | Killed Urug
 25140 | D:13     | Killed Nessos
 25141 | D:13     | Reached skill level 10 in Fighting
 25141 | D:13     | Reached skill level 10 in Short Blades
 25141 | D:13     | Reached skill level 10 in Long Blades
 25141 | D:13     | Reached skill level 10 in Axes
 25141 | D:13     | Reached skill level 10 in Maces & Flails
 25141 | D:13     | Reached skill level 10 in Polearms
 25141 | D:13     | Reached skill level 10 in Staves
 25141 | D:13     | Reached skill level 10 in Ranged Weapons
 25141 | D:13     | Reached skill level 10 in Throwing
 25141 | D:13     | Reached skill level 10 in Armour
 25141 | D:13     | Reached skill level 10 in Shields
 25141 | D:13     | Reached skill level 10 in Unarmed Combat
 25141 | D:13     | Reached skill level 10 in Evocations
 25445 | D:14     | Found a sparkling altar of Nemelex Xobeh.
 25774 | D:14     | Reached XP level 15. HP: 97/115 MP: 23/30
 25835 | D:14     | Reached skill level 11 in Invocations
 26252 | Orc:1    | Entered Level 1 of the Orcish Mines
 26731 | Orc:1    | Found Kakeo's General Store.
 26740 | Orc:1    | Bought a potion of heal wounds for 65 gold pieces
 26740 | Orc:1    | Bought a +1 pair of boots of rampaging for 214 gold pieces
 27184 | Orc:2    | Entered Level 2 of the Orcish Mines
 27250 | Orc:2    | Found a staircase to the Elven Halls.
 27823 | Orc:2    | Noticed an orc warlord
 27896 | Orc:2    | Killed an orc warlord
 28063 | Orc:2    | Found Tocis's Antique Armour Emporium.
 28147 | Orc:2    | Found Boler's General Store.
 28167 | Orc:2    | Bought a pair of shimmering boots for 351 gold pieces
 28167 | Orc:2    | Identified the +1 pair of boots of Hairy Salvation {Int+2
                  | Dex+3} (You bought it in a shop on level 2 of the Orcish
                  | Mines)
 28198 | Orc:2    | Found Codiehux's Antique Weapon Emporium.
 28369 | Orc:2    | Found Etusso's Jewellery Emporium.
 28551 | Orc:2    | Bought a smelly leather armour for 259 gold pieces
 28551 | Orc:2    | Identified the +2 leather armour of Focus {Harm Drain
                  | Regen+ Dex+4 SInv} (You bought it in a shop on level 2 of
                  | the Orcish Mines)
 28554 | Orc:2    | Bought a pair of embroidered gloves for 277 gold pieces
 28695 | D:15     | Entered Level 15 of the Dungeon
 28728 | D:15     | Found a frozen archway.
 28739 | IceCv    | Entered an ice cave
 31012 | Shoals:1 | Entered Level 1 of the Shoals
 31013 | Shoals:1 | Found Vysuna's Specific Store.
 31057 | Shoals:1 | Found Jiatoip's General Store.
 31119 | Shoals:1 | Found Veyckouzxe's Mass Market.
 31153 | Shoals:1 | Reached XP level 16. HP: 111/124 MP: 3/32
 31951 | Shoals:1 | Reached skill level 12 in Invocations
 32109 | Shoals:1 | You fall into a shaft and drop 1 floor!
 34078 | Shoals:2 | Reached skill level 10 in Ice Magic
 35358 | Shoals:4 | Entered Level 4 of the Shoals
 35366 | Shoals:4 | Found Wiumoekk's General Store.
 35880 | Shoals:4 | Bought a potion of heal wounds for 75 gold pieces
 36374 | Shoals:4 | Noticed Ilsuiw
 36560 | Shoals:4 | Reached skill level 10 in Conjurations
 37227 | Shoals:4 | Got a barnacled rune of Zot
 37346 | Shoals:4 | Reached XP level 17. HP: 133/133 MP: 26/33
 37713 | Shoals:4 | Learned a level 5 spell: Silence
 37980 | Elf:1    | Entered Level 1 of the Elven Halls
 38332 | Orc:2    | Reached skill level 10 in Hexes
 38332 | Orc:2    | Reached skill level 10 in Summonings
 38332 | Orc:2    | Reached skill level 10 in Necromancy
 38332 | Orc:2    | Reached skill level 10 in Translocations
 38332 | Orc:2    | Reached skill level 10 in Transmutations
 38332 | Orc:2    | Reached skill level 10 in Air Magic
 38332 | Orc:2    | Reached skill level 10 in Earth Magic
 38332 | Orc:2    | Reached skill level 10 in Poison Magic
 38587 | Elf:1    | Paralysed by an air elemental for 1 turns
 38741 | Elf:1    | Found an ancient bone altar of Kikubaaqudgha.
 38878 | Elf:1    | Learned a level 2 spell: Blink
 39093 | Elf:1    | Reached skill level 13 in Invocations
 39936 | Elf:1    | Paralysed by an air elemental for 1 turns
 40325 | Elf:1    | Paralysed by an air elemental for 1 turns
 40551 | Elf:1    | Found Onkont's Weapon Emporium.
 40741 | Elf:2    | Found a magical portal.
 40744 | WizLab   | Entered Maxwell's Workshop
 41662 | WizLab   | Identified the ring "Mixtofao" {Ice Str+3}
 41775 | WizLab   | Noticed an electric golem
 41820 | WizLab   | Identified the ring of Ottogio {Ice rN+}
 41844 | WizLab   | Killed an electric golem
 41845 | WizLab   | Reached XP level 18. HP: 77/141 MP: 26/35
 41848 | WizLab   | Identified the +0 robe of Okawaru, Screaming {Str+3 Dex+5}
 41881 | WizLab   | Identified the +7 dagger of the Elven Halls {drain, Will-
                  | Dex+6}
 42359 | Elf:2    | Paralysed by an air elemental for 1 turns
 42361 | Elf:2    | Paralysed by an air elemental for 1 turns
 42401 | Elf:2    | Found a runed translucent gate.
 42401 | Elf:2    | Found a runed translucent gate.
 42402 | Elf:2    | Found a runed translucent gate.
 42480 | Elf:2    | Paralysed by an air elemental for 1 turns
 42482 | Elf:2    | Paralysed by an air elemental for 1 turns
 42491 | Elf:1    | Paralysed by an air elemental for 1 turns
 42496 | Elf:1    | Paralysed by an air elemental for 1 turns
 42904 | Shoals:1 | Bought a +3 leather armour of poison resistance for 294
                  | gold pieces
 42995 | Spider:1 | Entered Level 1 of the Spider Nest
 43149 | Spider:1 | Upgraded the game from 0.30-a0-808-g6e0788376e to
                  | 0.31-a0-14-gc80a10f4b6
 44070 | Spider:2 | Noticed Nikola
 44364 | Spider:1 | Acquired the +3 Mad Mage's Maulers {Infuse+∞ VampMP -Cast}
 44364 | Spider:1 | Found the +3 Mad Mage's Maulers {Infuse+∞ VampMP -Cast}
 45045 | Spider:2 | Noticed Aizul
 45129 | Spider:3 | Reached skill level 14 in Invocations
 45544 | Spider:1 | Killed Aizul
 46351 | Spider:2 | Identified the +2 ring mail of Elitism {Harm Int+3}
 46372 | Spider:2 | Learned a level 3 spell: Ignite Poison
 46404 | Spider:2 | Gained mutation: You are weak. (Str -2) [mutagenic glow]
 46720 | Spider:3 | HP: 5/140 [wolf spider (23)]
 46720 | Spider:3 | Zin protects you from harm!
 47106 | Spider:1 | Acquired the ring "Ogarchux" {rElec Will+ Dex+4 Stlth-}
 47110 | Spider:1 | Acquired a +0 double sword of electrocution
 47205 | Spider:4 | Entered Level 4 of the Spider Nest
 47353 | Spider:3 | Upgraded the game from 0.31-a0-14-gc80a10f4b6 to
                  | 0.31-a0-16-g6d2539766c
 47440 | Spider:3 | Identified Roxanne's Commentary on Excavation
 47440 | Spider:3 | Noticed Roxanne
 47607 | Spider:3 | Reached XP level 19. HP: 132/149 MP: 37/37
 47667 | Spider:2 | Killed Nikola
 47900 | Spider:1 | Gained mutation: You occasionally shout uncontrollably at
                  | your foes. [mutagenic glow]
 48030 | Spider:2 | Learned a level 2 spell: Passwall
 48035 | Spider:2 | Learned a level 4 spell: Manifold Assault
 48042 | Spider:2 | Learned a level 6 spell: Dispersal
 48398 | Spider:3 | Found a transporter.
 48408 | Spider:3 | Noticed barkas's ghost (adept DsSu)
 48433 | Spider:3 | Upgraded the game from 0.31-a0-16-g6d2539766c to
                  | 0.31-a0-18-gea43df2a32
 48723 | Spider:3 | Found a transporter.
 48828 | Spider:3 | Killed Roxanne
 49691 | Spider:4 | Found a runed translucent gate.
 49691 | Spider:4 | Found a runed translucent gate.
 49691 | Spider:4 | Found a runed translucent gate.
 49696 | Spider:4 | Noticed Faecsedgh's ghost (journeyman TrBe)
 51299 | Spider:4 | Identified the +0 hat of the Bells {rElec rC- Dex+5}
 51340 | Spider:4 | Got a gossamer rune of Zot
 51575 | Slime:1  | Entered Level 1 of the Pits of Slime
 53061 | Slime:2  | Reached skill level 15 in Invocations
 54119 | Slime:4  | Reached XP level 20. HP: 110/158 MP: 27/38
 54291 | Slime:5  | Entered Level 5 of the Pits of Slime
 54854 | D:12     | Bought a scroll of immolation for 64 gold pieces
 54854 | D:12     | Bought a scroll of fog for 64 gold pieces
 55377 | Slime:4  | Zin protects you from harm!
 57500 | Slime:5  | Noticed the Royal Jelly
 57501 | Slime:5  | Reached skill level 15 in Spellcasting
 57829 | Slime:5  | Was placed under penance by Zin
 57829 | Slime:5  | Fell from the grace of Zin
 58803 | D:15     | Found a staircase to the Depths.
 59371 | Depths:1 | Entered Level 1 of the Depths
 59527 | Depths:1 | Found an ornate altar of the Wu Jian Council.
 59736 | Depths:1 | Reached skill level 15 in Dodging
 60205 | Depths:1 | Found a gateway to Hell.
 60515 | Depths:1 | Reached skill level 15 in Stealth
 60878 | Depths:2 | Noticed Sojobo
 61028 | Depths:1 | Reached XP level 21. HP: 67/166 MP: 24/40
 61047 | Depths:1 | Reached skill level 15 in Ice Magic
 61556 | Depths:1 | Noticed the Enchantress
 61602 | Depths:1 | Killed the Enchantress
 61956 | Temple   | Entered the Ecumenical Temple
 61965 | Temple   | Became a worshipper of the Shining One
 62524 | Depths:1 | Reached skill level 16 in Invocations
 62630 | Depths:1 | Slain by a spriggan berserker

Illustrated notes

Levels and vault maps discovered:
D:1:      amcnicky_arrival_gap_in_the_tavern_cellar, layout_rooms
D:2:      layout_basic, shapermc_ecumenical_altar_totnotflames
D:3:      layout_loops_ring, mainiacjoe_overflow_brackets,
          overflow_temple_1_default, gup_sewer_entry_bubbles
D:4:      layout_rooms, zin_academy, minmay_quadrilaterals
D:5:      layout_rooms, cheibriados_altar_2, uniq_ijyb, uniq_pikel,
          uniq_menkaure
D:6:      layout_loops_corners, minmay_temple_entry_butterflies,
          ebering_ghost_inner_flame, serial_shops, kennysheep_mini_moat,
          kennysheep_generic_room_12, uniq_edmund
D:7:      hellmonk_crumbling_castle, layout_gridville,
          nicolae_overflow_two_pavilions, nicolae_uskayaw_dance_hall,
          grunt_temple_overflow_bloody_war, grunt_ministairs_11, uniq_maggie
D:8:      layout_loops_cross, enter_ossuary_5, hangedman_decor_lopped
D:9:      layout_stronghold, gammafunk_ghost_spectres, uniq_amaemon
D:10:     layout_basic, erik_lair_dragon, enter_bailey_7, uniq_grum
D:11:     layout_irregular_city
D:12:     layout_roguey, hiddenorc1_lemuel, serial_shops, shop,
          nicolae_stop_n_shop_2, kennysheep_little_box, shop, uniq_jorgrun
D:13:     layout_roguey, david_vaults_3, serial_shops, nicolae_take_the_stairs
D:14:     layout_irregular_city, roderic_lattice_octagonal_star,
          nemelex_xobeh_ov_fountains_minmay
D:15:     grunt_enter_depths_hoard, layout_cross,
          portal_ice_cave_entry_pillars_1, hangedman_corner_corridor
Temple:   cyrus_circular_temple
Lair:1:   layout_misc_corridors
Lair:2:   layout_chaotic_city, minmay_shoals_entry_hut,
          nicolae_spider_entry_orb_guardian, chequers_serial_rivers_small_a,
          grunt_megastairs_4, uniq_erica
Lair:3:   layout_roguey, beast_lair_carwin_7, infiniplex_staircase_pool,
          grunt_megastairs_5, serial_bayou_shore_b, lemuel_fruit_tree
Lair:4:   layout_cave_pods, slime_entry_1, grunt_megastairs_3
Lair:5:   wormcave, layout_regular_city, nicolae_lair_run_with_the_wolves,
          serial_bayou_shore_b
Shoals:1: layout_shoals, minmay_shop_mass, nicolae_specific_store, ldierk_geyser
Shoals:2: layout_shoals, nicolae_shoals_cliffside_cave
Shoals:3: layout_shoals
Shoals:4: shoals_end_hangedman, layout_shoals, shoals_ilsuiw_alternative,
          serial_shops, nicolae_shop_temple_entry_statues_fountains
Spider:1: lemuel_spider_zombies, nicolae_spider_eight_legs
Spider:2: layout_spider_delve, einodemon_crawler_minivault, uniq_aizul,
          uniq_nikola
Spider:3: layout_spider_delve, nzn_ghost_randoct, uniq_roxanne
Spider:4: grunt_spider_rune_circles, gammafunk_ghost_split, nicolae_spider_shape
Slime:1:  layout_caves
Slime:2:  cheibrodos_slime_lost_civilization_9, layout_caves
Slime:3:  layout_caves
Slime:4:  layout_caves
Slime:5
Orc:1:    layout_diamond_mine, serial_shops, nicolae_shop_hallway_plus
Orc:2:    grunt_orc_cross, layout_diamond_mine
Elf:1:    elf_arrival_002, layout_geoelf_octagon, basic_altar, serial_shops,
          nicolae_lakefront_shop, hangedman_elven_crosses_minicolossus,
          evilmike_ambush [evilmike_ambush_outer_basic,
          evilmike_ambush_inner_basic]
Elf:2:    elven_hall_of_blades_hangedman_original [nicolae_blade_tridents],
          layout_gridlike, basic_altar, mu_enter_wizlab_7,
          nicolae_elf_loose_elemental_storage
Depths:1: layout_gridlike, nicolae_wu_jian_immortal_techniques,
          grunt_metal_band, minmay_evil_grid, grunt_megastairs_2, firewood_loft,
          uniq_enchantress
Depths:2: minmay_firetagon, layout_cave_pools, pf_vacation_house_of_asmodeus,
          grunt_pan_entry_in_and_out, minmay_staircase_bubble, uniq_sojobo

Skill      XL: |  1  2  3  4  5  6  7  8  9 10 11 12 13 14 15 16 17 18 19 20 21 |
---------------+----------------------------------------------------------------+-----
Conjurations   | 2 3 4 5 6 7 8 9 10 11 12 | 12.7
Spellcasting   | 5 6 7 8 9 10 11 12 13 14 15 | 15.5
Invocations    | 1 2 3 4 5 6 7 8 9 10 11 12 13 14 15 16 | 16.0
Fighting       | 1 2 3 5 6 7 8 9 10 11 12 13 14 | 14.7
Short Blades   | 1 2 3 5 6 7 8 9 10 11 12 13 14 | 14.7
Long Blades    | 1 2 3 5 6 7 8 9 10 11 12 13 14 | 14.7
Axes           | 1 2 3 5 6 7 8 9 10 11 12 13 14 | 14.7
Maces & Flails | 1 2 3 5 6 7 8 9 10 11 12 13 14 | 14.7
Polearms       | 1 2 3 5 6 7 8 9 10 11 12 13 14 | 14.7
Staves         | 1 2 3 5 6 7 8 9 10 11 12 13 14 | 14.7
Ranged Weapons | 1 2 3 5 6 7 8 9 10 11 12 13 14 | 14.7
Throwing       | 1 2 3 5 6 7 8 9 10 11 12 13 14 | 14.7
Armour         | 1 2 3 5 6 7 8 9 10 11 12 13 14 | 14.7
Shields        | 1 2 3 5 6 7 8 9 10 11 12 13 14 | 14.7
Unarmed Combat | 1 2 3 5 6 7 8 9 10 11 12 13 14 | 14.7
Evocations     | 1 2 3 5 6 7 8 9 10 11 12 13 14 | 14.7
Hexes          | 1 2 3 4 5 6 7 8 9 10 11 12 | 12.5
Summonings     | 1 2 3 4 5 6 7 8 9 10 11 12 | 12.5
Necromancy     | 1 2 3 4 5 6 7 8 9 10 11 12 | 12.5
Translocations | 1 2 3 4 5 6 7 8 9 10 11 12 | 12.5
Transmutations | 1 2 3 4 5 6 7 8 9 10 11 12 | 12.5
Ice Magic      | 1 2 3 4 5 6 7 8 9 10 11 13 14 15 | 15.2
Air Magic      | 1 2 3 4 5 6 7 8 9 10 11 12 | 12.5
Earth Magic    | 1 2 3 4 5 6 7 8 9 10 11 12 | 12.5
Poison Magic   | 1 2 3 4 5 6 7 8 9 10 11 12 | 12.5
Dodging        | 5 6 7 8 9 10 11 12 13 14 15 | 15.4
Stealth        | 5 6 7 8 9 10 11 12 13 14 15 | 15.3
Fire Magic     | 6 7 8 9 10 11 12 13 | 13.6

Action                     |  1- 3 |  4- 6 |  7- 9 | 10-12 | 13-15 | 16-18 | 19-21 || total
---------------------------+-------+-------+-------+-------+-------+-------+-------++-------
  Melee: Dagger            |       |    52 |   102 |   578 |  1222 |   869 |    12 ||  2835
         Punch             |       |     2 |     5 |    35 |   106 |       |       ||   148
         Bite              |       |     1 |     7 |    88 |   228 |   482 |   320 ||  1126
         Staff             |       |       |       |       |       |   407 |       ||   407
         Trident           |       |       |       |       |       |  1104 |       ||  1104
         Double sword      |       |       |       |       |       |    73 |  2304 ||  2377
  Throw: Stone             |       |       |       |       |       |     1 |    16 ||    17
         Dart              |       |       |       |       |       |       |    18 ||    18
   Cast: Foxfire           |    51 |    66 |    51 |    20 |       |    11 |     1 ||   200
         Scorch            |       |     8 |    96 |    80 |    59 |    64 |       ||   307
         Sticky Flame      |       |       |       |    87 |   198 |   153 |     2 ||   440
         Flame Wave        |       |       |       |       |     4 |    19 |     1 ||    24
         Mephitic Cloud    |       |       |       |       |     4 |    53 |     1 ||    58
         Blink             |       |       |       |       |       |     5 |    18 ||    23
         Ignite Poison     |       |       |       |       |       |     4 |     1 ||     5
         Silence           |       |       |       |       |       |     2 |     1 ||     3
         Manifold Assault  |       |       |       |       |       |       |   291 ||   291
         Passwall          |       |       |       |       |       |       |     1 ||     1
         Dispersal         |       |       |       |       |       |       |     8 ||     8
 Invoke: Recite            |       |       |     4 |    11 |    17 |     1 |     1 ||    34
         Vitalisation      |       |       |       |       |       |     5 |     1 ||     6
         Sanctuary         |       |       |       |       |       |       |     1 ||     1
  Evoke: Wand              |       |       |       |     8 |    20 |    21 |    15 ||    64
         Phial of floods   |       |       |       |       |     1 |       |     2 ||     3
         Phantom mirror    |       |       |       |       |       |     4 |     4 ||     8
         Lightning rod     |       |       |       |       |       |     4 |    11 ||    15
    Use: Scroll            |       |     6 |     6 |    11 |     7 |    16 |    11 ||    57
         Potion            |       |     7 |       |     2 |     9 |    12 |    18 ||    48
   Stab: Sleeping          |       |     2 |     9 |    15 |    38 |    35 |     6 ||   105
         Distracted        |       |       |     1 |     1 |     2 |     5 |     6 ||    15
         Confused          |       |       |     1 |     2 |    17 |    40 |       ||    60
         Invisible         |       |       |     1 |     1 |     6 |       |       ||     8
         Paralysed         |       |       |       |     1 |    20 |       |       ||    21
 Armour: Leather armour    |       |    12 |    41 |   153 |   277 |   477 |   281 ||  1241
         Acid dragon scale |       |       |       |       |       |       |   407 ||   407
  Dodge: Dodged            |     4 |    57 |   137 |   551 |   914 |  1668 |  1411 ||  4742
  Block: Kite shield       |       |       |       |       |    62 |  1734 |  1776 ||  3572

Table legend: (Time is in decaauts)
 A = Elapsed time spent in this place.
 B = Non-inter-level travel time spent in this place.
 C = Inter-level travel time spent in this place.
 D = Time resting spent in this place.
 E = Time spent auto-exploring this place.
 F = Levels seen in this place.
 G = Mean time per level.
                   A        B        C        D        E       F      G
               +--------+--------+--------+--------+--------+-----+--------+
         Total |  61765 |  56659 |   5106 |  17246 |  19809 |  45 | 1372.6 |
       Dungeon |  19297 |  17147 |   2150 |   4771 |   8096 |  15 | 1286.5 |
        Temple |     17 |     17 |      0 |      0 |      0 |   1 |   17.0 |
          Lair |   9603 |   8247 |   1356 |   2870 |   3618 |   5 | 1920.6 |
        Shoals |   7010 |   6675 |    335 |   2654 |   2370 |   4 | 1752.5 |
   Spider Nest |   7741 |   7279 |    462 |   1375 |   1049 |   4 | 1935.2 |
    Slime Pits |   5552 |   5154 |    398 |   1933 |    805 |   5 | 1110.4 |
  Orcish Mines |   2452 |   2231 |    221 |    634 |   1021 |   2 | 1226.0 |
   Elven Halls |   2807 |   2684 |    123 |    671 |   1053 |   2 | 1403.5 |
        Depths |   2866 |   2810 |     56 |    753 |    938 |   2 | 1433.0 |
         Sewer |   1004 |   1004 |      0 |    291 |    301 |   1 | 1004.0 |
       Ossuary |    403 |    403 |      0 |     46 |    174 |   1 |  403.0 |
        Bailey |    650 |    650 |      0 |    169 |    286 |   1 |  650.0 |
      Ice Cave |   1179 |   1179 |      0 |    808 |      0 |   1 | 1179.0 |
        Wizlab |   1178 |   1178 |      0 |    268 |     97 |   1 | 1178.0 |
               +--------+--------+--------+--------+--------+-----+--------+

Top non-repeatable levels by time:
Spider:3: 3021 daAuts
  Lair:2: 2677 daAuts
  Lair:5: 2589 daAuts
Depths:1: 2416 daAuts
Spider:1: 2279 daAuts
   Elf:1: 2274 daAuts
Shoals:4: 2215 daAuts
Shoals:1: 2058 daAuts
    D:10: 2025 daAuts
    D:12: 2002 daAuts
  Lair:3: 1850 daAuts
   Orc:2: 1749 daAuts
     D:4: 1747 daAuts
    D:15: 1582 daAuts
     D:9: 1508 daAuts
